cohdb
Replays
Latest Replays
All Replays
Popular Replays
Top Player Replays
Match Explorer
How It Works
Community
CoH3 Stats
Reddit
Sign in to upload your games and track your stats! →
Sign in with Steam
Match 38747520
Unlisted
Match 38747520
Overview
Messages
Build Orders
End
Kettenkrad Recon Vehicle
Construct Infanterie Kompanie
MG 42 Machine Gun Team
Grenadier Squad
Grenadier Squad
Construct Luftwaffe Kompanie
Jäger Squad
Jäger Squad
Construct Panzer Kompanie
Luftwaffe Officer Quarters
Pioneer Squad
Selects Mechanized Battlegroup
Selects Mechanized Battlegroup
Selects Spotting Scopes
Selects Wespe Self-propelled Artillery
游戏天才btx
只愛❤毛妹
0
0
Comments
sign in to comment!
No comments posted yet!